 Dungeon Crawl Stone Soup version 0.22-a0-469-gf26638a (webtiles) character file.

392 DrEnzyme the Skirmisher (level 6, -2/43 HPs)
             Began as an Octopode Wanderer on June 12, 2018.
             Slain by Duvessa
             ... wielding a +0 short sword
              (12 damage)
             ... on level 4 of the Dungeon.
             The game lasted 00:18:27 (4456 turns).

DrEnzyme the Skirmisher (Octopode Wanderer)         Turns: 4456, Time: 00:18:28

Health: -2/43      AC:  1    Str: 12 (13) XL:     6   Next: 81%
Magic:  9/9        EV: 14    Int: 14 (15) God:
Gold:   174        SH:  0    Dex:  9 (11) Spells: 4/9 levels left

rFire    . . .     SeeInvis .     - Unarmed
rCold    . . .     Gourm    +   (no shield)
rNeg     + . .     Faith    .   (helmet restricted)
rPois    .         Spirit   .   m - amulet of the gourmand
rElec    .         Reflect  .   e - ring of wizardry
rCorr    .         Harm     .   p - ring of positive energy
MR       .....                  (no ring)
Stlth    ++........             (no ring)
HPRegen  0.14/turn              (no ring)
MPRegen  0.11/turn              (no ring)
                                (no ring)
                                (no ring)

@: no status effects
A: almost no armour, stealthy swim, amphibious, 8 rings, constrict 8, camouflage
1, gelatinous body 1
a: no special abilities


You were on level 4 of the Dungeon.
You were not hungry.

You visited 1 branch of the dungeon, and saw 5 of its levels.
You also visited: Ossuary.

You collected 174 gold pieces.

Inventory:

Hand Weapons
 a - a +2 hand crossbow
Jewellery
 e - a ring of wizardry (left tentacle)
 m - an amulet of the gourmand (around mantle)
 p - a ring of positive energy (right tentacle)
Scrolls
 i - 3 scrolls of identify
 k - 3 scrolls of remove curse
 o - a scroll of blinking
Potions
 h - 3 potions of flight
Comestibles
 f - 5 rations


   Skills:
 + Level 4.0 Fighting
 + Level 3.4 Crossbows
 - Level 2.0 Throwing
 + Level 3.1 Dodging
 + Level 2.6 Unarmed Combat
 - Level 2.0 Spellcasting
 - Level 3.0 Fire Magic


You had 4 spell levels left.
You knew the following spells:

 Your Spells              Type           Power        Failure   Level  Hunger
a - Call Imp              Summ           #.......     14%         2    ###....
b - Conjure Flame         Conj/Fire      #.......     16%         3    ####...

Your spell library contained the following spells:

 Spells                   Type           Power        Failure   Level  Hunger
 Magic Dart               Conj           #...         10%         1    ##.....
 Slow                     Hex            #.......     14%         2    ###....
 Mephitic Cloud           Conj/Pois/Air  #.......     26%         3    ####...
 Blink                    Tloc           N/A          14%         2    ###....
 Sting                    Conj/Pois      #...         10%         1    ##.....
 Shock                    Conj/Air       #...         10%         1    ##.....
 Static Discharge         Conj/Air       #.......     26%         3    ####...


Dungeon Overview and Level Annotations

Branches:
Dungeon (5/15)
 Temple: D:4-7

Altars:
Ashenzari
Cheibriados
Hepliaklqana
Okawaru
Ru
Sif Muna
Uskayaw
Xom
Yredelemnul

Annotations:
D:3 exclusion: downstairs
D:4 exclusion: 2 downstairs, Dowan, Duvessa


Innate Abilities, Weirdness & Mutations

You cannot wear most types of armour.
You are very stealthy in the water. (Stealth+)
You are amphibious.
You can wear up to eight rings at the same time.
You can use your tentacles to constrict eight enemies at once.
Your skin changes colour to match your surroundings (Stealth+).
Your rubbery body absorbs attacks. (AC +1, EV +1)


Message History

You constrict Duvessa. Duvessa barely misses you.
Dowan says, "My weaknesses are her strengths!"
Dowan casts a spell at Duvessa.
Duvessa seems to speed up.
You tentacle-slap Duvessa.
Duvessa is heavily wounded.
You constrict Duvessa, but do no damage.
Duvessa hits you but does no damage.
You tentacle-slap Duvessa but do no damage.
Duvessa is heavily wounded.
You constrict Duvessa, but do no damage.
Duvessa closely misses you. Duvessa hits you with a short sword!
* * * LOW HITPOINT WARNING * * *
You barely miss Duvessa.
Duvessa is heavily wounded.
You constrict Duvessa. Duvessa closely misses you.
You tentacle-slap Duvessa.
Duvessa is severely wounded.
You constrict Duvessa. Duvessa hits you with a short sword!
You die...

#.#.############.####.#...#######
....## #.# #.#...### .....#
#.####.......##### #.##.#
#......e.......#.. #.##.#
######.......#.#.# #.##.#######
#>#...###.#.# e.##.#.....#
#.#...# #.#.#
#.##.#[###.##########....####.#.#
............((((@ee((............
#.##.#.###.##########....####...#
.....#.....# #.#..# #..##
#.##.####### #.#..# #..# #.##.#
#....####..## ...#.#
###.##....... ...... #.##.##.###
...#.# ###.##.##.# #.##.#
#...##.##.#


You could see Duvessa and Dowan.

Vanquished Creatures
  A crimson imp (D:5)
  An orc priest (D:3)
  A hound (D:4)
  2 orc wizards (D:3)
  5 mummies
  3 adders
  4 gnolls (D:2)
  2 worm zombies (D:4)
  3 worms
  5 dart slugs
  6 leopard geckos
  8 orcs (D:3)
  5 bats
  4 giant cockroaches
  14 goblins
  12 hobgoblins
  5 jackals (D:1)
  5 kobolds
  9 frilled lizards
  A jackal zombie (Ossuary)
  5 rats
  A rat zombie (D:4)
102 creatures vanquished.

Notes
Turn   | Place    | Note
-------+----------+-------------------------------------------
     0 | D:1      | DrEnzyme the Octopode Wanderer began the quest for the Orb.
     0 | D:1      | DrEnzyme set off with: a +0 hand crossbow, 31 bolts, a ration
     0 | D:1      | Reached XP level 1. HP: 14/14 MP: 3/3
   140 | D:1      | Reached XP level 2. HP: 19/19 MP: 5/5
   196 | D:1      | Reached skill level 1 in Dodging
   278 | D:1      | Reached XP level 3. HP: 25/25 MP: 6/6
  1307 | D:2      | Reached XP level 4. HP: 23/30 MP: 7/7
  1370 | D:2      | Reached skill level 3 in Fighting
  1456 | D:2      | Reached skill level 1 in Unarmed Combat
  1543 | D:2      | Learned a level 2 spell: Call Imp
  1547 | D:2      | Learned a level 3 spell: Conjure Flame
  1944 | D:2      | Reached XP level 5. HP: 36/36 MP: 8/8
  2494 | D:3      | Found an iron altar of Okawaru.
  2651 | D:3      | Found a deep blue altar of Sif Muna.
  2682 | D:3      | Reached XP level 6. HP: 19/42 MP: 9/9
  2856 | D:3      | Identified Sif Muna's Almanac of Envenoming
  3523 | D:4      | Noticed Duvessa
  3740 | D:4      | Found a snail-covered altar of Cheibriados.
  3888 | D:4      | Noticed Dowan
  3940 | D:4      | Found a shimmering altar of Xom.
  3945 | D:4      | Found a basalt altar of Yredelemnul.
  3946 | D:4      | Found a shattered altar of Ashenzari.
  3947 | D:4      | Found a hide-covered altar of Uskayaw.
  3947 | D:4      | Found a hazy altar of Hepliaklqana.
  3948 | D:4      | Found a sacrificial altar of Ru.
  3991 | D:4      | Found a sand-covered staircase.
  4022 | Ossuary  | Entered an ossuary
  4074 | D:4      | Reached skill level 4 in Fighting
  4299 | D:5      | Entered Level 5 of the Dungeon
  4456 | D:4      | Slain by Duvessa

Vault maps used:
D:1:      onia_arrival_pyramid, serial_bayou, serial_bayou_shore_a,
          serial_bayou_pond_b, serial_bayou_pond_d, serial_bayou_lagoon_a
D:2:      kennysheep_decorative_pillar
D:3:      led_sif_book, okawaru_ov_weapons_minmay
D:4:      kennysheep_slug_shrine, grunt_temple_overflow_open, first_ration,
          enter_ossuary_3, uniq_duvessa
D:5:      serial_park_tiny_2, st_stairs_6
Ossuary:  ossuary_zaba_flooded

Skill      XL: |  1  2  3  4  5  6 |
---------------+-------------------+-----
Dodging        | 1 2 3 |  3.1
Crossbows      | 2 3 |  3.4
Fighting       | 3 4 |  4.0
Unarmed Combat | 1 2 |  2.6
Throwing       | |  2.0
Spellcasting   | |  2.0
Fire Magic     | |  3.0

Action                   |  1- 3 |  4- 6 || total
-------------------------+-------+-------++-------
Melee: Unarmed           |    14 |    50 ||    64
       Tentacles         |     5 |    12 ||    17
       Constrict         |     3 |    16 ||    19
       Punch             |       |     1 ||     1
 Fire: Hand crossbow     |    84 |   163 ||   247
 Cast: Conjure Flame     |       |     5 ||     5
  Use: Scroll            |       |    11 ||    11
       Potion            |       |     4 ||     4
 Stab: Sleeping          |     2 |       ||     2
  Eat: Chunk             |     1 |    10 ||    11
       Ration            |       |     1 ||     1
Armor: Skin              |     2 |    11 ||    13
Dodge: Dodged            |    36 |    87 ||   123

Table legend:
 A = Spawn XP
 B = Non-spawn XP
 C = Spawn XP percentage of total XP
 D = Spawn monster count
 E = Non-spawn monster count
 F = Spawn count percentage of total count
 G = Total turns spent on level
                    A         B        C        D         E        F      G
               +---------+---------+-------+---------+---------+-------+---------
         Total |       0 |     561 |   0.0 |       0 |     102 |   0.0 |  4456
               +---------+---------+-------+---------+---------+-------+---------
           D:1 |       0 |      67 |   0.0 |       0 |      34 |   0.0 |  1223
           D:2 |       0 |     108 |   0.0 |       0 |      23 |   0.0 |   778
           D:3 |       0 |     178 |   0.0 |       0 |      31 |   0.0 |  1534
           D:4 |       0 |      84 |   0.0 |       0 |       8 |   0.0 |   794
           D:5 |       0 |      48 |   0.0 |       0 |       1 |   0.0 |    78
       Ossuary |       0 |      76 |   0.0 |       0 |       5 |   0.0 |    49
               +---------+---------+-------+---------+---------+-------+---------
